 Dungeon Crawl Stone Soup version 0.28-b1-25-g9875b3fc8c (webtiles) character file.

Game seed: 15822371259676631981

11 sanka the Magician (level 2, 0/16 HPs)
             Began as a Deep Elf Transmuter on Feb 8, 2022.
             Slain by a jackal (2 damage)
             ... on level 1 of the Dungeon.
             The game lasted 00:00:23 (417 turns).

sanka the Magician (Deep Elf Transmuter)             Turns: 417, Time: 00:00:24

Health: 0/16       AC:  2    Str:  7    XL:     2   Next: 13%
Magic:  7/9        EV: 12    Int: 17    God:
Gold:   0          SH:  0    Dex: 15    Spells: 8/9 levels left

rFire   . . .      SeeInvis .     - Unarmed
rCold   . . .      Faith    .   (no shield)
rNeg    . . .      Spirit   .   a - +0 robe
rPois   .          Reflect  .   (helmet currently unavailable)
rElec   .          Harm     .   (no cloak)
rCorr   .          Rampage  .   (no gloves)
Will    .....                   (boots currently unavailable)
Stlth   +.........              (no amulet)
HPRegen 0.05/turn               (no ring)
MPRegen 0.11/turn               (no ring)

@: appendages
A: horns 2, talons 2
a: End Transformation


You were on level 1 of the Dungeon.
You had temporarily grown beastly horns and talons.
You visited 1 branch of the dungeon, and saw 1 of its levels.

Inventory:

Armour
 a - a +0 robe (worn)


   Skills:
 - Level 0.7 Fighting
 - Level 2.4 Dodging
 - Level 2.4 Unarmed Combat
 + Level 4.1 Spellcasting
 - Level 2.1 Transmutations


You had 8 spell levels left.
You knew the following spells:

 Your Spells              Type           Power      Damage    Failure   Level
a - Beastly Appendage     Tmut           20%        N/A       6%          1

Your spell library contained the following spells:

 Spells                   Type           Power      Damage    Failure   Level
 Wereblood                Tmut           10%        N/A       10%         2
 Spider Form              Tmut/Pois      7%         N/A       30%         3
 Ice Form                 Ice/Tmut       7%         N/A       69%         4


Dungeon Overview and Level Annotations

Branches:
Dungeon (1/15)

Altars:


Innate Abilities, Weirdness & Mutations

You have temporarily grown beastly horns and talons.


Message History

The jackal is moderately wounded.
The jackal bites you. x2
Unknown command.
You hit the jackal.
The jackal is severely wounded.
The jackal barely misses you.
You hit the jackal.
You kill the jackal!
The jackal completely misses you.
Your Spellcasting skill increases to level 4!
You have reached level 2!
You hit the jackal. You claw the jackal, but do no damage.
The jackal is heavily wounded.
The jackal bites you.
Unknown command.
You hit the jackal.
You kill the jackal!
The giant cockroach completely misses you.
Unknown command.
You hit the giant cockroach. You claw the giant cockroach.
You kill the giant cockroach!
You closely miss the jackal. Your headbutt misses the jackal.
Your transformation is almost over.
The jackal bites you.
* * * LOW HITPOINT WARNING * * *
The jackal closely misses you.
You hit the jackal but do no damage. Your headbutt misses the jackal.
The jackal closely misses you.
Casting: Beastly Appendage (safe; 6% risk of failure)
Confirm with . or Enter, or press ? or * to list all spells.
You extend your transformation's duration.
The jackal bites you.
* * * LOW HITPOINT WARNING * * *
An endoplasm comes into view. x2
Unknown command.
The endoplasm quivers.
You hit the jackal. You claw the jackal, but do no damage.
The jackal is moderately wounded.
The jackal bites you.
You die...

..........#
#..$......#
#.........#
#...J.....#
###.........#
.......$....#
............#
......J....h####
.........!.rh@.#
##..........##.#
##.###.######.## #
#.######..##
#.......#..#####.#
#...###..........#
..#...##...#.....#
#.##...#.#####
###.##.
##...†.......


You could see 2 endoplasms, a quokka and 2 jackals.

Vanquished Creatures
  A ball python (D:1)
  A bat (D:1)
  An endoplasm (D:1)
  A giant cockroach (D:1)
  2 jackals (D:1)
  A quokka (D:1)
  A frilled lizard (D:1)
  A rat (D:1)
9 creatures vanquished.

Notes
Turn   | Place    | Note
-------+----------+-------------------------------------------
     0 | D:1      | sanka the Deep Elf Transmuter began the quest for the Orb.
     0 | D:1      | Reached XP level 1. HP: 11/11 MP: 6/6
   411 | D:1      | Reached skill level 4 in Spellcasting
   411 | D:1      | Reached XP level 2. HP: 7/16 MP: 7/9
   417 | D:1      | Slain by a jackal

Illustrated notes

Levels and vault maps discovered:
D:1:      minmay_arrival_diagonal_passages, layout_rooms,
          ebering_ecumenical_altar_hall, minivault_24, hangedman_glass_teeth,
          glass_columns_a

Skill      XL: |  1 |
---------------+----+-----
Spellcasting   | 4 |  4.1
Fighting       | |  0.7
Dodging        | |  2.4
Unarmed Combat | |  2.4
Transmutations | |  2.1

Action                   || total
-------------------------++-------
Melee: Unarmed           ||    31
       Kick              ||     5
       Headbutt          ||     2
 Cast: Beastly Appendage ||     5
 Stab: Sleeping          ||     1
Armor: Robe              ||     9
Dodge: Dodged            ||    24
